[Event "ICC tourney 3069 (40 10)"]
[Site "Internet Chess Club"]
[Date "2022.12.03"]
[Round "4"]
[White "Anand, Anirudh:AnirudhAnand"]
[Black "Mehta, Aarav Amit:amitmehta22"]
[Result "0-1"]
[ICCResult "White checkmated"]
[WhiteElo "469"]
[BlackElo "1423"]
[Opening "Sicilian: wing gambit, Carlsbad variation"]
[ECO "B20"]
[NIC "SI.48"]
[Time "17:46:02"]
[PlyCount "130"]
[TimeControl "2400+10"]

1. e4 c5 2. b4 cxb4 3. a3 bxa3 4. Bxa3 d6 5. Nf3 Nc6 6. Bb5 Bd7 7. O-O Nf6
8. Nc3 g6 9. d4 Bg7 10. e5 dxe5 11. dxe5 Ng4 12. Re1 O-O 13. h3 Ngxe5 14.
Nxe5 Nxe5 15. Bxd7 Qxd7 16. Qxd7 Nxd7 17. Re3 Rac8 18. Bb4 Nb6 19. Rxa7 Bxc3
20. Rxc3 Nd5 21. Rb3 Nxb4 22. Rxb4 Rxc2 23. Rbxb7 e6 24. f4 Rc4 25. g3 Kg7
26. Kf2 Kf6 27. Kf3 h6 28. h4 Rc3+ 29. Kg4 h5+ 30. Kh3 Rcc8 31. Rd7 Rcd8 32.
Rdb7 Rd5 33. Kg2 e5 34. fxe5+ Rxe5 35. Kf3 Rf5+ 36. Kg2 Kg7 37. Kh3 Re8 38.
Re7 Rc8 39. Rec7 Re8 40. Re7 Rxe7 41. Rxe7 Kf6 42. Ra7 Re5 43. Kg2 Re7 44.
Ra1 Kg7 45. Kf3 Re5 46. Ra7 Rf5+ 47. Ke4 Rf1 48. Kd5 Rf3 49. Kd6 Rxg3 50.
Kd7 Rg4 51. Ke8 Re4+ 52. Re7 Rxe7+ 53. Kxe7 f5 54. Kd6 f4 55. Ke5 f3 56. Ke4
f2 57. Ke3 f1=Q 58. Ke4 Qf5+ 59. Kd4 Kf6 60. Kc4 Qe5 61. Kb4 Ke6 62. Ka4 Qb2
63. Ka5 Kd6 64. Ka6 Kc6 65. Ka7 Qb7# {White checkmated} 0-1

[Event "ICC tourney 3069 (40 10)"]
[Site "Internet Chess Club"]
[Date "2022.12.03"]
[Round "4"]
[White "Tammineni, Tarun Ram:ttarun"]
[Black "STONE, GILBERT L:tightfist"]
[Result "0-1"]
[ICCResult "White checkmated"]
[WhiteElo "783"]
[BlackElo "1201"]
[Opening "French: exchange variation"]
[ECO "C01"]
[NIC "FR.01"]
[Time "17:45:34"]
[PlyCount "116"]
[TimeControl "2400+10"]

1. e4 e6 2. d4 d5 3. exd5 exd5 4. Nc3 Be7 5. Nf3 Nf6 6. Bf4 a6 7. Bd3 O-O 8.
O-O Bg4 9. h3 Bh5 10. Re1 Nbd7 11. Bg5 Re8 12. g4 Bg6 13. Bxg6 hxg6 14. Qd2
c6 15. a3 Ne4 16. Bxe7 Qxe7 17. Nxe4 dxe4 18. Ng5 f5 19. Kf1 Nf6 20. gxf5
gxf5 21. Nf3 Qd6 22. Ne5 Rxe5 23. Rad1 Re7 24. Qb4 Qxb4 25. axb4 Rae8 26. c3
e3 27. Rxe3 Rxe3 28. fxe3 Rxe3 29. Re1 Rxe1+ 30. Kxe1 Nd5 31. Ke2 Nf4+ 32.
Ke3 Nxh3 33. Kf3 Kf7 34. Kg3 Ng5 35. Kf4 Kf6 36. c4 g6 37. d5 cxd5 38. cxd5
Ne4 39. b3 g5+ 40. Kf3 Nd2+ 41. Kg3 Nxb3 42. d6 Ke6 43. d7 Kxd7 44. Kf3 Kd6
45. Ke3 Kd5 46. Kd3 Nd4 47. b5 Nxb5 48. Ke3 a5 49. Kd3 a4 50. Kc2 Kc4 51.
Kb2 a3+ 52. Ka2 g4 53. Ka1 g3 54. Kb1 g2 55. Ka2 f4 56. Ka1 g1=Q+ 57. Ka2
Qf2+ 58. Kb1 Qb2# {White checkmated} 0-1

[Event "ICC tourney 3069 (40 10)"]
[Site "Internet Chess Club"]
[Date "2022.12.03"]
[Round "4"]
[White "ANGELCHIK, JACOB:t105mm"]
[Black "NI, MATTHEW:oldwetplant"]
[Result "0-1"]
[ICCResult "White resigns"]
[WhiteElo "1319"]
[BlackElo "1219"]
[Opening "Queen's pawn game, Chigorin variation"]
[ECO "A04"]
[NIC "QP.11"]
[Time "17:45:26"]
[PlyCount "78"]
[TimeControl "2400+10"]

1. Nf3 Nc6 2. d4 d5 3. Bf4 Bf5 4. e3 Nf6 5. Bd3 Bxd3 6. Qxd3 e6 7. O-O Be7
8. Nc3 O-O 9. Nb5 Nb4 10. Qc3 Ne4 11. Qxc7 Qxc7 12. Nxc7 Rac8 13. c3 Nc6 14.
Rac1 a6 15. c4 dxc4 16. Rxc4 Nd6 17. Bxd6 Bxd6 18. d5 Na5 19. Ra4 Bxc7 20.
d6 Bb6 21. Ne5 Rfd8 22. Rd1 Rc5 23. b4 Rxe5 24. bxa5 Rxa5 25. Rc4 Rc5 26.
Rb4 Rc6 27. d7 Kf8 28. Rh4 h6 29. Rg4 g6 30. Rh4 h5 31. g4 hxg4 32. Rxg4 Ke7
33. Rf4 Rc7 34. Rb4 Bc5 35. Rc4 Rdxd7 36. Rdc1 b6 37. Kg2 Bd6 38. Rxc7 Rxc7
39. Rxc7+ Bxc7 {White resigns} 0-1

[Event "ICC tourney 3069 (40 10)"]
[Site "Internet Chess Club"]
[Date "2022.12.03"]
[Round "4"]
[White "WU, DARREN:chessboy111"]
[Black "Xu, Michael:mxu81"]
[Result "0-1"]
[ICCResult "White resigns"]
[WhiteElo "1318"]
[BlackElo "1186"]
[Opening "Giuoco Pianissimo"]
[ECO "C55"]
[NIC "IG.01"]
[Time "17:45:23"]
[PlyCount "86"]
[TimeControl "2400+10"]

1. e4 e5 2. Nf3 Nc6 3. Bc4 Nf6 4. d3 Bc5 5. c3 d6 6. h3 h6 7. O-O O-O 8.
Nbd2 Be6 9. Bb5 Qd7 10. Ba4 a6 11. Bc2 Rfb8 12. Nc4 Bxc4 13. dxc4 Qe6 14. b3
a5 15. a4 Ne7 16. Re1 Ng6 17. Qe2 Nh5 18. Qf1 Ngf4 19. Bxf4 Nxf4 20. Rad1
Qg6 21. Kh1 Qh5 22. Kh2 Nxh3 23. gxh3 Qxf3 24. Re2 Qxc3 25. Qg2 g6 26. Rd3
Qa1 27. Rg3 Qc1 28. Rg4 h5 29. Rg3 Qf4 30. Kg1 Qf6 31. Rf3 Qe7 32. Kh2 c6
33. Re1 b5 34. Rg1 Ra7 35. Bd3 bxa4 36. bxa4 Kh7 37. Be2 Rab7 38. Rg3 Qe6
39. Bxh5 Rg8 40. Bg4 Qxc4 41. Bf5 Rb2 42. Rf3 Qd4 43. Rf1 gxf5 {White
resigns} 0-1

[Event "ICC tourney 3069 (40 10)"]
[Site "Internet Chess Club"]
[Date "2022.12.03"]
[Round "4"]
[White "WESLEY, GEORGE:Maglars"]
[Black "procopio, Patti:prostripe"]
[Result "0-1"]
[ICCResult "White forfeits on time"]
[WhiteElo "1125"]
[BlackElo "1037"]
[Opening "English opening"]
[ECO "A16"]
[NIC "EO.64"]
[Time "17:45:40"]
[PlyCount "160"]
[TimeControl "2400+10"]

1. c4 Nf6 2. Nc3 g6 3. g3 Bg7 4. Bg2 O-O 5. Nf3 c6 6. O-O d5 7. cxd5 Nxd5 8.
d4 Be6 9. Bd2 Nd7 10. e3 N7b6 11. b3 Rc8 12. Re1 Qd7 13. Ng5 Bg4 14. f3 Nxc3
15. Bxc3 Be6 16. Nxe6 Qxe6 17. Rc1 Nd5 18. Bd2 Qd6 19. Re2 Nb4 20. Be1 Rfd8
21. Rc4 Nd5 22. e4 Nb6 23. e5 Bxe5 24. Rxe5 Nxc4 25. Re2 Nb6 26. Bc3 Nd5 27.
Bb2 e6 28. Bf1 Ne7 29. Qc1 Nf5 30. Re4 c5 31. Qd2 Nxd4 32. Qh6 e5 33. Kf2
Qf6 34. Bg2 Nf5 35. Qc1 Rd5 36. f4 Nd4 37. Ke3 exf4+ 38. Rxf4 Re8+ 39. Kd3
Nf3+ 40. Kc4 Qd6 41. Bxf3 b5+ 42. Kxb5 Rb8+ 43. Kc4 Rb4+ 44. Kc3 Rd3+ 45.
Kc2 Rxf4 46. gxf4 Rxf3 47. f5 Rxf5 48. Qe1 Qxh2+ 49. Kb1 Qb8 50. a4 Qd8 51.
Qc3 Qd4 52. Qa5 Rf1+ 53. Ka2 Qd7 54. Qxc5 Rf5 55. Qc3 f6 56. Qc4+ Kg7 57.
Qg4 Qd5 58. Qb4 g5 59. Qe7+ Kg6 60. Qe8+ Kh6 61. Qf8+ Kg6 62. Qe8+ Qf7 63.
Qe4 h5 64. Bc1 Qd7 65. Qg2 g4 66. Qe4 h4 67. Qxg4+ Kf7 68. Qxh4 Qd5 69. Qh7+
Ke6 70. Qg8+ Kd6 71. Qd8+ Kc6 72. Qc8+ Kb6 73. Be3+ Ka5 74. Qc7+ Kb4 75.
Qe7+ Kc3 76. Qc7+ Kd3 77. Qxa7 Qg2+ 78. Ka3 Qd5 79. Bc1 Qc5+ 80. Kb2 Qxa7
{White forfeits on time}
0-1

[Event "ICC tourney 3069 (40 10)"]
[Site "Internet Chess Club"]
[Date "2022.12.03"]
[Round "5"]
[White "SCHROMBECK, JON A:Gm374"]
[Black "BURRE, UJJVAL:BRCCKS10"]
[Result "1-0"]
[ICCResult "Black checkmated"]
[WhiteElo "1036"]
[BlackElo "798"]
[Opening "French defense"]
[ECO "C01"]
[NIC "FR.01"]
[Time "20:01:33"]
[PlyCount "91"]
[TimeControl "2400+10"]

1. e4 e6 2. d4 d5 3. Qf3 c5 4. Bb5+ Nc6 5. exd5 exd5 6. Nc3 Nf6 7. Bxc6+
bxc6 8. Be3 cxd4 9. Bxd4 Bb4 10. Bxf6 Qxf6 11. Qxf6 gxf6 12. Ne2 Bd6 13. O-O
Kd7 14. Ng3 Kc7 15. a3 Rg8 16. b4 a6 17. Rad1 Be5 18. Rd3 a5 19. b5 Bd7 20.
f4 Bxc3 21. Rxc3 Kb6 22. bxc6 Bxc6 23. Nf5 Bb5 24. Rb1 Ka6 25. Nd4 Bc4 26.
a4 Rac8 27. Re3 Rgf8 28. Re7 Ra8 29. Rbb7 Rae8 30. Ra7+ Kb6 31. Reb7+ Kc5
32. Nb3+ Kd6 33. Rxa5 Re1+ 34. Kf2 Re2+ 35. Kf3 Rfe8 36. Rb6+ Kc7 37. Rxf6
R2e3+ 38. Kg4 Be2+ 39. Kh4 Rg8 40. Rxf7+ Kb8 41. h3 Rg6 42. Rxh7 Re4 43. g3
Re3 44. Nc5 Rgxg3 45. Rb7+ Kc8 46. Ra8# {Black checkmated} 1-0

[Event "ICC tourney 3069 (40 10)"]
[Site "Internet Chess Club"]
[Date "2022.12.03"]
[Round "5"]
[White "ASHOK, AMUDHAN:amudhanashok"]
[Black "Tammineni, Tarun Ram:ttarun"]
[Result "0-1"]
[ICCResult "White checkmated"]
[WhiteElo "895"]
[BlackElo "783"]
[Opening "Queen's pawn: Chigorin variation"]
[ECO "D00"]
[NIC "QP.08"]
[Time "20:00:03"]
[PlyCount "166"]
[TimeControl "2400+10"]

1. d4 d5 2. Nc3 Nf6 3. Bf4 Bd7 4. Nf3 e6 5. a3 Bd6 6. Bg3 O-O 7. e3 Nc6 8.
Be2 Qe7 9. O-O Bxg3 10. hxg3 Rfe8 11. Bb5 a6 12. Bxc6 Bxc6 13. Re1 Rad8 14.
Qe2 Qd6 15. Rad1 h6 16. e4 dxe4 17. Ne5 Bd5 18. Nxd5 exd5 19. c4 c6 20. c5
Qc7 21. b4 Nd7 22. Nxd7 Qxd7 23. Qc2 Qg4 24. Re3 b5 25. Rde1 Re6 26. Qe2
Qxe2 27. R1xe2 Rf6 28. f3 exf3 29. Rxf3 Rxf3 30. gxf3 Kf8 31. Kg2 Re8 32.
Rxe8+ Kxe8 33. Kf2 Ke7 34. Ke3 Kf6 35. g4 Kg5 36. Kf2 Kf4 37. Kg2 Ke3 38.
Kg3 Kxd4 39. Kf4 Kc3 40. Ke5 d4 41. Ke4 d3 42. Ke5 d2 43. Kd6 d1=Q+ 44. Kxc6
Qxf3+ 45. Kb6 Qf6+ 46. c6 h5 47. Kb7 Qxc6+ 48. Kxc6 hxg4 49. Kb6 g3 50. Kxa6
g2 51. Kxb5 g1=Q 52. Ka5 f6 53. b5 f5 54. b6 Qc5+ 55. Ka6 f4 56. b7 Qxa3+
57. Kb6 Qb4+ 58. Kc7 Qxb7+ 59. Kxb7 f3 60. Kc6 f2 61. Kd7 f1=Q 62. Ke7 g6
63. Ke6 g5 64. Ke5 g4 65. Kd5 g3 66. Kc6 g2 67. Kc7 g1=Q 68. Kb8 Qb6+ 69.
Kc8 Qc4+ 70. Kd7 Qbd4+ 71. Ke7 Qe2+ 72. Kf7 Qf4+ 73. Kg6 Qef2 74. Kh5 Q2h2+
75. Kg6 Qg1+ 76. Kh7 Qf7+ 77. Kh6 Qh1+ 78. Kg5 Qhd5+ 79. Kh4 Qh1+ 80. Kg4
Qg2+ 81. Kh4 Qf6+ 82. Kh5 Qfg6+ 83. Kh4 Q2g3# {White checkmated} 0-1

[Event "ICC tourney 3069 (40 10)"]
[Site "Internet Chess Club"]
[Date "2022.12.03"]
[Round "5"]
[White "ANGELCHIK, JACOB:t105mm"]
[Black "WESLEY, GEORGE:Maglars"]
[Result "1-0"]
[ICCResult "Black checkmated"]
[WhiteElo "1319"]
[BlackElo "1125"]
[Opening "Queen's pawn game, Chigorin variation"]
[ECO "D02"]
[NIC "QP.08"]
[Time "20:01:33"]
[PlyCount "51"]
[TimeControl "2400+10"]

1. d4 d5 2. Nf3 Nc6 3. Bf4 Nf6 4. e3 Bf5 5. c4 e6 6. Nbd2 Bd6 7. Bxd6 Qxd6
8. Be2 O-O 9. c5 Qe7 10. O-O a6 11. Nh4 Rfe8 12. Ndf3 Be4 13. Bd3 Bxd3 14.
Qxd3 Ne4 15. g3 Qf6 16. Nd2 Ng5 17. f4 Nb4 18. fxg5 Qxg5 19. Qb3 a5 20. a3
Na6 21. Ndf3 Qh6 22. Ne5 a4 23. Qd3 f5 24. Rae1 Nb8 25. Qb5 Ra7 26. Qxe8#
{Black checkmated}
1-0

[Event "ICC tourney 3069 (40 10)"]
[Site "Internet Chess Club"]
[Date "2022.12.03"]
[Round "5"]
[White "NI, MATTHEW:oldwetplant"]
[Black "Anand, Anirudh:AnirudhAnand"]
[Result "1/2-1/2"]
[ICCResult "Game drawn by repetition"]
[WhiteElo "1219"]
[BlackElo "469"]
[Opening "Four knights: Schultze-Müller gambit"]
[ECO "C47"]
[NIC "KP.06"]
[Time "20:00:59"]
[PlyCount "192"]
[TimeControl "2400+10"]

1. e4 e5 2. Nf3 Nc6 3. Nc3 Nf6 4. Nxe5 Nxe5 5. d4 Ng6 6. e5 Ng8 7. Bc4 Bb4
8. O-O N8e7 9. Bg5 h6 10. Bxe7 Nxe7 11. Qg4 O-O 12. Ne4 Nc6 13. Nf6+ Kh8 14.
Nh5 g6 15. Nf6 d5 16. Qh4 Kg7 17. Bd3 Be7 18. Qf4 Bxf6 19. exf6+ Qxf6 20.
Qxc7 Nb4 21. Qc3 Nxd3 22. Qxd3 Bf5 23. Qd2 Rac8 24. c3 Rfe8 25. Rfe1 Rxe1+
26. Rxe1 Qa6 27. a3 Qd3 28. Qf4 Re8 29. Rf1 Qc2 30. Qd6 Bd3 31. Ra1 Qxb2 32.
Rd1 Qxc3 33. h3 Re1+ 34. Rxe1 Qxe1+ 35. Kh2 Qxf2 36. Qxd5 Qb2 37. Qe5+ Kh7
38. Qe7 Qxd4 39. Qxf7+ Qg7 40. Qf2 Qc7+ 41. Kh1 Qc1+ 42. Kh2 Qxa3 43. Qf7+
Kh8 44. Qe8+ Kg7 45. Qd7+ Kf6 46. Qd4+ Ke6 47. Qe3+ Kd5 48. Qf3+ Kc4 49.
Qf4+ Kc3 50. Qe5+ Kd2 51. Qf4+ Kd1 52. Qf3+ Kc1 53. Qf4+ Kb1 54. Qxh6 b5 55.
Qe3 b4 56. Qe1+ Ka2 57. Qf2+ Qb2 58. Qf7+ b3 59. Qxa7+ Qa3 60. Qf2+ Bc2 61.
Qf7 Kb1 62. Qf1+ Qc1 63. Qb5 b2 64. Qa5 Qf4+ 65. Kh1 Qf1+ 66. Kh2 Kc1 67.
Qg5+ Kd1 68. Qg4+ Ke1 69. Qb4+ Kd1 70. Qxb2 Qf4+ 71. Kh1 Qh4 72. Qa1+ Kd2
73. Qa5+ Kd3 74. Qd5+ Ke2 75. Qf3+ Kd2 76. Qd5+ Bd3 77. Qa2+ Ke3 78. Qe6+
Be4 79. Qb3+ Kf4 80. Qb8+ Kg5 81. Qd8+ Kh5 82. Qh8+ Kg5 83. Qe5+ Kh6 84.
Qh8+ Kg5 85. Qe5+ Kh6 86. Qh8+ Kg5 87. Qe5+ Kh6 88. Qh8+ Kg5 89. Qe5+ Bf5
90. Qe7+ Kh5 91. Qh7+ Kg5 92. Qe7+ Kh5 93. Qh7+ Kg5 94. Qe7+ Kh5 95. Qh7+
Kg5 96. Qe7+ Kh5 {Game drawn by repetition} 1/2-1/2

[Event "ICC tourney 3069 (40 10)"]
[Site "Internet Chess Club"]
[Date "2022.12.03"]
[Round "5"]
[White "THAPER, RISHUBH:MajorKey"]
[Black "procopio, Patti:prostripe"]
[Result "1-0"]
[ICCResult "Black resigns"]
[WhiteElo "1328"]
[BlackElo "1037"]
[Opening "Old Indian defense"]
[ECO "A42"]
[NIC "OI.07"]
[Time "20:00:05"]
[PlyCount "57"]
[TimeControl "2400+10"]

1. d4 d6 2. c4 c6 3. Nc3 Nf6 4. e4 Bg4 5. f3 Bh5 6. Bd3 Nbd7 7. Nge2 e5 8.
d5 cxd5 9. cxd5 Nc5 10. Bb5+ Ncd7 11. Be3 a6 12. Bd3 Be7 13. O-O O-O 14. b4
b5 15. Nc1 Rc8 16. Bd2 Qb6+ 17. Kh1 Qd4 18. Qc2 Qxb4 19. Nb3 Nc5 20. Nxb5
Nxb3 21. Bxb4 Rxc2 22. axb3 Rb2 23. Bxd6 Bxd6 24. Nxd6 Rxb3 25. Bxa6 Rfb8
26. Rfc1 R3b6 27. Nc4 Rb4 28. Nxe5 Ne8 29. Nc6 {Black resigns} 1-0

[Event "ICC tourney 3069 (40 10)"]
[Site "Internet Chess Club"]
[Date "2022.12.03"]
[Round "5"]
[White "Mehta, Aarav Amit:amitmehta22"]
[Black "McGuire, Bryce:BryceMcGuire"]
[Result "1/2-1/2"]
[ICCResult "Game drawn by mutual agreement"]
[WhiteElo "1423"]
[BlackElo "669"]
[Opening "Sicilian: Grand Prix attack"]
[ECO "B23"]
[NIC "SI.44"]
[Time "20:00:04"]
[PlyCount "74"]
[TimeControl "2400+10"]

1. e4 c5 2. Nc3 Nc6 3. f4 d6 4. Nf3 Nf6 5. Bc4 e6 6. d3 Be7 7. O-O O-O 8.
Qe1 d5 9. Bb3 Nd4 10. Nxd4 cxd4 11. Nd1 h6 12. f5 dxe4 13. dxe4 e5 14. Qg3
Nxe4 15. Qg6 Kh8 16. Bxf7 Nd6 17. Be6 Rf6 18. Qg3 Bxe6 19. fxe6 Rxf1+ 20.
Kxf1 Qf8+ 21. Kg1 Qf5 22. c3 Rf8 23. Qe1 Ne4 24. cxd4 Bh4 25. g3 Be7 26. Ne3
Qf3 27. Bd2 Nxd2 28. Qxd2 Bb4 29. Qd3 Qf2+ 30. Kh1 Qxb2 31. Rb1 Qxa2 32.
Rxb4 Qxe6 33. d5 Qf7 34. d6 Qf3+ 35. Kg1 Qf2+ 36. Kh1 Qe1+ 37. Kg2 Qxb4
{Game drawn by mutual agreement}
1/2-1/2

[Event "ICC tourney 3069 (40 10)"]
[Site "Internet Chess Club"]
[Date "2022.12.03"]
[Round "5"]
[White "Xu, Michael:mxu81"]
[Black "ANGEL, BORYS:BArkadia"]
[Result "0-1"]
[ICCResult "White resigns"]
[WhiteElo "1186"]
[BlackElo "1388"]
[Opening "Four knights: double Ruy Lopez"]
[ECO "C49"]
[NIC "KP.03"]
[Time "20:00:04"]
[PlyCount "76"]
[TimeControl "2400+10"]

1. e4 e5 2. Nf3 Nc6 3. Nc3 Nf6 4. Bb5 Bb4 5. d3 d6 6. Bd2 O-O 7. O-O Bg4 8.
h3 Bh5 9. Bg5 Nd4 10. g4 Bxg4 11. hxg4 Bxc3 12. Nxd4 Bxd4 13. c3 Bb6 14. d4
h6 15. Bh4 g5 16. Bg3 Nxe4 17. Bd3 Nxg3 18. fxg3 Kg7 19. Qf3 f5 20. gxf5 Qf6
21. Qxb7 exd4 22. c4 Qe5 23. Rf3 Rae8 24. a4 g4 25. f6+ Rxf6 26. Rxf6 Kxf6
27. Rf1+ Kg7 28. Kg2 Qh5 29. Rh1 Qg5 30. Rd1 Qe5 31. Qc6 Re7 32. b4 a5 33.
b5 Rf7 34. Qa8 Qe3 35. Qd5 Rf2+ 36. Kh1 Qxg3 37. Qf7+ Kxf7 38. Bg6+ Kxg6
{White resigns}
0-1

[Event "ICC tourney 3069 (40 10)"]
[Site "Internet Chess Club"]
[Date "2022.12.03"]
[Round "5"]
[White "STONE, GILBERT L:tightfist"]
[Black "WU, DARREN:chessboy111"]
[Result "1-0"]
[ICCResult "Black resigns"]
[WhiteElo "1201"]
[BlackElo "1318"]
[Opening "Queen's pawn game, Darooha variation "]
[ECO "D02"]
[NIC "QP.09"]
[Time "20:00:09"]
[PlyCount "116"]
[TimeControl "2400+10"]

1. Nf3 d5 2. d4 Nf6 3. g3 g6 4. Bg2 Bg7 5. O-O O-O 6. Nbd2 Nbd7 7. b3 Nb6 8.
Bb2 Bf5 9. a3 Qd6 10. Rc1 Rad8 11. c4 dxc4 12. Nxc4 Nxc4 13. bxc4 Qb6 14.
Ba1 Qa6 15. Qb3 Rd6 16. c5 Rdd8 17. Rfe1 Be6 18. Qb2 Bd5 19. Bf1 Qc6 20. Ne5
Qe6 21. f3 Bb3 22. Rc3 Ba4 23. e3 Bc6 24. Bc4 Bd5 25. Qb3 Bxc4 26. Rxc4 b6
27. Qa4 bxc5 28. Rxc5 Qb6 29. Nc6 Rd7 30. Qxa7 Qxa7 31. Nxa7 Ra8 32. Nb5 Nd5
33. Bb2 Rb8 34. Re2 c6 35. Nc3 Nxc3 36. Bxc3 Rb3 37. Bb4 Rb1+ 38. Kg2 Kf8
39. Rxc6 Ke8 40. Rc8+ Rd8 41. Rec2 Rb3 42. Kf2 Rd3 43. R2c7 Rxc8 44. Rxc8+
Kd7 45. Rc4 e5 46. dxe5 Bxe5 47. Ke2 Rb3 48. f4 Bg7 49. e4 Rb2+ 50. Bd2 Ra2
51. a4 f5 52. e5 g5 53. a5 gxf4 54. gxf4 Ke6 55. Ke3 Kd5 56. Rd4+ Kc5 57.
Rd7 Ra3+ 58. Ke2 Bf8 {Black resigns} 1-0